 Dungeon Crawl Stone Soup version 0.21.1-1-g345015f (webtiles) character file.

47773 tidbits the Thaumaturge (level 14, -6/110 HPs)
             Began as a Gnoll Skald on June 20, 2018.
             Was a High Priest of Cheibriados.
             Mangled by a merfolk siren
             ... wielding a +0 trident
              (12 damage)
             ... on level 4 of the Shoals.
             The game lasted 00:57:15 (4378 turns).

tidbits the Thaumaturge (Gnoll Skald)               Turns: 4378, Time: 00:57:15

Health: -6/110     AC: 11    Str: 26    XL:     14   Next: 43%
Magic:  15/28      EV: 19    Int: 31    God:    Cheibriados [*****.]
Gold:   407        SH: 13    Dex: 27    Spells: 10/33 levels left

rFire    . . .     SeeInvis .   a - +6 hand axe (elec)
rCold    . . .     Gourm    .   D - +0 shield
rNeg     . . .     Faith    +   Z - +2 scale mail of the Guild-Master {Slay+2}
rPois    .         Spirit   .   (helmet restricted)
rElec    .         Reflect  .   (no cloak)
rCorr    .         Harm     .   (no gloves)
MR       +....                  F - +0 pair of boots
Stlth    +++++.....             L - amulet of faith
HPRegen  1.28/turn              R - ring of wizardry
MPRegen  0.21/turn              A - ring of stealth

@: afraid, regenerating, very slow
A: distributed training, antennae 1, fangs 1, agile 1, wild magic 1, strong nose
a: Bend Time, Temporal Distortion, Slouch, Step From Time, Renounce Religion


You were on level 4 of the Shoals.
You worshipped Cheibriados.
Cheibriados was extremely pleased with you.
You were hungry.

You visited 4 branches of the dungeon, and saw 23 of its levels.
You also visited: Sewer and Ice Cave.

You collected 407 gold pieces.

Inventory:

Hand Weapons
 a - a +6 hand axe of electrocution (weapon)
   (You found it on level 2 of the Dungeon)
 f - a +0 short sword
 g - a +0 shortbow
 i - a +0 dire flail of holy wrath
   (You took it off Harold on level 10 of the Dungeon)
 j - a +0 blowgun
 k - a +0 hand axe
 s - a +0 broad axe
 v - a +0 short sword
 z - a +0 hand axe
 K - a +0 flail of venom
   (You took it off an orc on level 9 of the Dungeon)
 O - a +0 spear
 U - a +0 demon trident
 W - a cursed +0 trident
Missiles
 e - 110 arrows
 y - 25 tomahawks (quivered)
 J - 9 throwing nets {!f}
Armour
 b - a +0 leather armour
 B - a +0 ring mail
 D - a +0 shield (worn)
 E - a +1 helmet
 F - a +0 pair of boots (worn)
 Z - the +2 scale mail of the Guild-Master (worn) {Slay+2}
   (You found it on level 4 of the Lair of Beasts)

   It affects your accuracy and damage with ranged weapons and melee attacks
   (+2).
Jewellery
 l - an uncursed ring of flight
   (You found it on level 2 of the Dungeon)
 n - an uncursed amulet of the gourmand
   (You found it on level 3 of the Dungeon)
 A - a ring of stealth (right hand)
   (You found it on level 4 of the Dungeon)
 L - an amulet of faith (around neck)
   (You found it on level 2 of the Shoals)
 R - a ring of wizardry (left hand)
   (You found it on level 12 of the Dungeon)
Scrolls
 h - 5 scrolls of blinking
 m - 7 scrolls of teleportation
 q - 3 scrolls of fear
 r - 8 scrolls of remove curse
 u - a scroll of immolation
 w - a scroll of random uselessness {unknown}
 T - a scroll of fog
Potions
 o - 2 potions of heal wounds
 p - a potion of magic {unknown}
 t - a potion of brilliance {unknown}
 x - 3 potions of curing
 C - a potion of ambrosia
 G - a potion of degeneration
 H - a potion of cancellation
 M - a potion of haste
 P - a potion of might
 V - a potion of resistance
Books
 d - a book of Battle

   Spells                             Type                      Level
   a - Infusion                       Charms                       1
   b - Shroud of Golubria             Charms/Translocation         2
   c - Song of Slaying                Charms                       2
   d - Spectral Weapon                Hexes/Charms                 3
   e - Regeneration                   Charms/Necromancy            3
 I - a book of Misfortune
   (You found it on level 8 of the Dungeon)

   Spells                             Type                      Level
   a - Confusing Touch                Hexes                        1
   b - Confuse                        Hexes                        3
   c - Gell's Gravitas                Translocation                3
   d - Petrify                        Transmutation/Earth          4
   e - Metabolic Englaciation         Hexes/Ice                    5
   f - Yara's Violent Unravelling     Hexes/Transmutation          5
 S - the Catalogue of Dark Good Luck
   (You acquired it on level 4 of the Lair of Beasts)

   Spells                             Type                      Level
   a - Animate Skeleton               Necromancy                   1
   b - Corpse Rot                     Necromancy                   2
   c - Borgnjor's Vile Clutch         Necromancy/Earth             5
   d - Deflect Missiles               Charms/Air                   6
   e - Simulacrum                     Ice/Necromancy               6
   f - Ring of Flames                 Charms/Fire                  7
 Y - Vehumet's Incunabulum of Attacks
   (You acquired it on level 4 of the Lair of Beasts)

   Spells                             Type                      Level
   a - Mephitic Cloud                 Conjuration/Poison/Air       3
   b - Throw Icicle                   Conjuration/Ice              4
   c - Orb of Destruction             Conjuration                  7
   d - Spellforged Servitor           Conjuration/Summoning        7
Miscellaneous
 N - a fan of gales
 Q - a box of beasts
Comestibles
 c - 17 rations


   Skills:
 + Level 10.1 Fighting
 + Level 9.0 Short Blades
 + Level 9.0 Long Blades
 + Level 10.1 Axes
 + Level 9.0 Maces & Flails
 + Level 9.0 Polearms
 + Level 9.0 Staves
 + Level 9.0 Slings
 + Level 9.0 Bows
 + Level 9.0 Crossbows
 + Level 9.0 Throwing
 + Level 9.4 Armour
 + Level 10.1 Dodging
 + Level 9.0 Stealth
 + Level 9.0 Shields
 + Level 9.0 Unarmed Combat
 + Level 10.3 Spellcasting
 + Level 7.5 Conjurations
 + Level 7.5 Hexes
 + Level 9.4 Charms
 + Level 7.5 Summonings
 + Level 7.5 Necromancy
 + Level 7.5 Translocations
 + Level 7.5 Transmutations
 + Level 7.5 Fire Magic
 + Level 7.5 Ice Magic
 + Level 7.5 Air Magic
 + Level 7.5 Earth Magic
 + Level 7.5 Poison Magic
 + Level 9.8 Invocations
 + Level 9.0 Evocations


You had 10 spell levels left.
You knew the following spells:

 Your Spells              Type           Power        Failure   Level  Hunger
g - Shroud of Golubria    Chrm/Tloc      ######....   1%          2    None
i - Infusion              Chrm           ####         1%          1    None
m - Deflect Missiles      Chrm/Air       ######....   32%         6    #####..
n - Animate Skeleton      Necr           N/A          1%          1    None
r - Regeneration          Chrm/Necr      ######....   1%          3    None
v - Borgnjor's Vile Clut  Necr/Erth      ######....   10%         5    ###....
w - Spectral Weapon       Hex/Chrm       ######..     1%          3    None
y - Song of Slaying       Chrm           #######.     1%          2    None


Dungeon Overview and Level Annotations

Branches:
Dungeon (13/15)            Temple (1/1) D:5            Lair (5/6) D:8
 Shoals (4/4) Lair:2
  Snake: Lair:2-4    Spider: Lair:2-4     Slime: Lair:5-6       Orc: D:9-12
 Vaults: D:13-14

Altars:
Ashenzari
Cheibriados
Dithmenos
Elyvilon
Fedhas
Gozag
Hepliaklqana
Kikubaaqudgha
Makhleb
Nemelex Xobeh
Okawaru
Ru
Trog
Vehumet
Wu Jian
Xom
Yredelemnul
Zin
The Shining One

Shops:
D:9 :

Annotations:
D:9 diggable vault with books


Innate Abilities, Weirdness & Mutations

Your experience applies equally to all skills.
You have very sharp teeth.
Your uncanny sense of smell can sniff out nearby items.
You have a pair of small antennae on your head.
You are agile. (Dex +2)
Your spells are a little harder to cast, but a little more powerful.


Message History

Cheibriados appreciates the change of pace.
A merfolk aquamancer and a water elemental come into view.
Found a stone staircase leading down.
There is a stone staircase leading down here.
You climb downwards.
Your summoned ally is left behind.
Your spectral weapon fades away.
A dream sheep comes into view.
Found a peridot ring and a potion of flight.
There is a stone staircase leading up here.
Casting: Spectral Weapon
Confirm with . or Enter, or press ? or * to list all spells.
Your skin crawls.
Evoke which item? (* to show all) (? for menu, Esc to quit)
Okay, then.
Okay, then.
Put on which piece of jewellery? (? for menu, Esc to quit)
Okay, then.
A water elemental and a satyr come into view.
Unknown command.
Throwing (i - inventory. (,) - cycle):
X - 2 poisoned javelins (quivered)
Press: ? - help, Shift-Dir - straight line, f - water elemental
Aim: a water elemental (hasn't noticed you)
You throw a poisoned javelin.
The poisoned javelin hits the water elemental!!
The water elemental is severely damaged.
Throwing (i - inventory. (,) - cycle):
X - a poisoned javelin (quivered)
Press: ? - help, Shift-Dir - straight line, f/p - water elemental
Aim: a water elemental (severely damaged)
You throw a poisoned javelin.
The poisoned javelin hits the water elemental.
The water elemental is severely damaged.
Casting: Regeneration
Confirm with . or Enter, or press ? or * to list all spells.
You draw out your weapon's spirit!
You hit the water elemental but do no damage.
You bite the water elemental.
The water elemental is almost destroyed.
Your spectral weapon hits the water elemental!
You destroy the water elemental!
Cheibriados appreciates the change of pace.
Okay, then.
Unknown command.
Unknown command.
A merfolk siren and a merfolk impaler come into view.
Evoke which item? (* to show all) (? for menu, Esc to quit)
Okay, then.
The merfolk impaler shouts!
The satyr shouts!
The satyr plays a lulling melody on his pipes!
You fall asleep.
The merfolk impaler hits you from afar with a trident!!!
You wake up.
* * * LOW HITPOINT WARNING * * *
The merfolk impaler hits you from afar with a trident!
* * * LOW HITPOINT WARNING * * *
The satyr unwields an uncursed spear.
The satyr wields an uncursed longbow.
The satyr shoots an arrow.
You deflect the arrow!
You feel less protected from missiles.
The merfolk impaler hits you but does no damage.
You see here an arrow.
The merfolk impaler hits you but does no damage.
The satyr plays a frightful melody on his pipes!
The satyr radiates an aura of fear!
You are terrified of the satyr!
You block the merfolk siren's attack.
The merfolk impaler hits you with a trident!
* * * LOW HITPOINT WARNING * * *
The satyr shoots an arrow.
You block the arrow.
The merfolk siren completely misses you.
The merfolk impaler hits you with a trident!
* * * LOW HITPOINT WARNING * * *
You see here an arrow.
Unknown command.
Unknown command.
Casting: Spectral Weapon
Confirm with . or Enter, or press ? or * to list all spells.
Aiming: Borgnjor's Vile Clutch
Press: ? - help, Dir - move target cursor, f - merfolk impaler
Aim: a merfolk impaler, wielding a trident and wearing a robe Decaying hands burst forth from the earth!
Zombie hands grab the merfolk impaler.
The merfolk siren is unaffected.
The zombie hands constrict the merfolk impaler!
The merfolk impaler hits you with a trident!
* * * LOW HITPOINT WARNING * * *
You feel much better.
The zombie hands constrict the merfolk impaler!
The merfolk siren chants a haunting song.
You easily resist.
The satyr shoots an arrow.
You block the arrow.
The merfolk impaler hits you with a trident.
* * * LOW HITPOINT WARNING * * *
Really harm your spectral weapon?
You can feel time thicken for a moment.
Your spectral weapon fades away.
You feel somewhat more hungry.
Cheibriados lowers the support of your attributes as your movement quickens.
The zombie hands constrict the merfolk impaler.
The merfolk impaler hits you with a trident!!
* * * LOW HITPOINT WARNING * * *
The merfolk siren hits you from afar with a trident!
You die...

## ### ............## #
.# #.# #....!........
#. .≈... #.........=...
#. .#.###.............
# ≈.∆.m≈##.............
#.c#.#m.##............Y
#...≈.@.##...........#
##.≈.#.(#≈.....<.....#
### ###...........##..
#≈...........≈#
≈≈.............≈#
≈≈............≈≈.##
≈≈......(.......≈.#
≈≈.....(..........#
≈≈................≈#


You could see a merfolk impaler, a satyr and a merfolk siren.

Vanquished Creatures
  3 merfolk impalers
  2 blizzard demons (IceCv)
  The ghost of Ethylacetat the Cleaver, a journeyman DsFi of Trog (D:11)
  A hydra (D:11)
  Harold (D:10)
  2 merfolk avatars (Shoals:1)
  A merfolk aquamancer (Shoals:1)
  2 two-headed ogres
  Urug (Lair:3)
  2 unseen horrors (D:11)
  2 sea snakes
  13 fauns
  3 manticores
  An ugly thing (D:12)
  3 ice statues (IceCv)
  2 black mambas
  6 elephants (Lair:3)
  5 merfolk sirens
  2 gargoyles (D:12)
  2 spiny frogs (Lair:3)
  10 ice devils (IceCv)
  14 merfolk
  3 wind drakes
  A hornet (D:11)
  A slime creature (D:12)
  4 blink frogs (Lair:1)
  3 hippogriffs
  3 snapping turtles
  The ghost of Kagorn the Skirmisher, an amateur OgBe of Trog (D:3)
  A centaur simulacrum (D:12)
  5 water elementals
  12 yaks
  2 wraiths (D:11)
  A wyvern (D:8)
  2 hungry ghosts
  3 vampire mosquitoes (D:12)
  2 basilisks (Lair:3)
  A naga (Lair:2)
  2 water moccasins
  Duvessa (D:4)
  4 porcupines
  A sky beast (D:9)
  2 phantoms
  2 necrophages
  3 ogres
  4 wolves (Lair:3)
  3 centaurs
  A crocodile (Lair:2)
  2 big kobolds (D:11)
  15 bullfrogs
  Dowan (D:4)
  3 wights (D:8)
  5 electric eels
  2 howler monkeys
  A jelly (D:7)
  8 crimson imps
  2 centaur zombies
  3 bullfrog skeletons
  3 hounds
  An iron imp (D:8)
  An orc priest (D:6)
  A centaur skeleton (D:11)
  4 orc wizards
  4 worker ants
  2 worker ant zombies
  Robin (D:2)
  4 gnolls (D:10)
  8 adders
  A shadow imp (D:8)
  An adder skeleton (D:4)
  2 worms (D:3)
  5 leopard geckos
  32 orcs
  3 giant cockroaches
  12 goblins
  6 hobgoblins
  6 jackals
  A quokka (D:2)
  3 ball pythons
  2 bats
  4 frilled lizards
  2 goblin zombies (D:8)
  2 hobgoblin zombies (D:8)
  A jackal skeleton (D:3)
  10 kobolds
  2 kobold skeletons (D:8)
  A kobold zombie (D:8)
  3 orc skeletons (D:8)
  2 orc zombies (D:8)
  3 rats
  A fungus (Lair:2)
  6 plants
  3 spectral weapons
332 creatures vanquished.

Vanquished Creatures (others)
  An ice beast (D:7)
  A plant (Lair:1)
  A spectral weapon (IceCv)
3 creatures vanquished.

Grand Total: 335 creatures vanquished

Notes
Turn   | Place    | Note
-------+----------+-------------------------------------------
     0 | D:1      | tidbits the Gnoll Skald began the quest for the Orb.
     0 | D:1      | Reached XP level 1. HP: 20/20 MP: 6/6
   169 | D:1      | Reached XP level 2. HP: 26/26 MP: 4/7
   173 | D:1      | Learned a level 2 spell: Song of Slaying
   176 | D:1      | Learned a level 2 spell: Shroud of Golubria
   204 | D:2      | Found a shimmering altar of Xom.
   254 | D:2      | Found an opulent altar of Gozag.
   256 | D:2      | Noticed Robin
   263 | D:2      | Reached XP level 3. HP: 26/31 MP: 5/9
   263 | D:2      | Reached skill level 5 in Spellcasting
   273 | D:2      | Killed Robin
   273 | D:2      | Reached skill level 1 in Invocations
   289 | D:2      | Learned a level 3 spell: Regeneration
   295 | D:2      | Learned a level 3 spell: Spectral Weapon
   358 | D:3      | Noticed Kagorn's ghost (amateur OgBe)
   370 | D:3      | Killed Kagorn's ghost
   370 | D:3      | Reached skill level 1 in Short Blades
   370 | D:3      | Reached skill level 1 in Long Blades
   370 | D:3      | Reached skill level 1 in Maces & Flails
   370 | D:3      | Reached skill level 1 in Polearms
   370 | D:3      | Reached skill level 1 in Staves
   370 | D:3      | Reached skill level 1 in Slings
   370 | D:3      | Reached skill level 1 in Bows
   370 | D:3      | Reached skill level 1 in Crossbows
   370 | D:3      | Reached skill level 1 in Throwing
   370 | D:3      | Reached skill level 3 in Armour
   370 | D:3      | Reached skill level 1 in Stealth
   370 | D:3      | Reached skill level 1 in Shields
   370 | D:3      | Reached skill level 1 in Unarmed Combat
   370 | D:3      | Reached skill level 1 in Conjurations
   370 | D:3      | Reached skill level 1 in Hexes
   370 | D:3      | Reached skill level 1 in Summonings
   370 | D:3      | Reached skill level 1 in Necromancy
   370 | D:3      | Reached skill level 1 in Translocations
   370 | D:3      | Reached skill level 1 in Transmutations
   370 | D:3      | Reached skill level 1 in Fire Magic
   370 | D:3      | Reached skill level 1 in Ice Magic
   370 | D:3      | Reached skill level 1 in Air Magic
   370 | D:3      | Reached skill level 1 in Earth Magic
   370 | D:3      | Reached skill level 1 in Poison Magic
   370 | D:3      | Reached skill level 1 in Evocations
   370 | D:3      | Reached XP level 4. HP: 30/38 MP: 2/11
   370 | D:3      | Reached XP level 5. HP: 34/43 MP: 2/12
   394 | D:3      | Found a glowing drain.
   408 | Sewer    | Entered a sewer
   430 | Sewer    | Reached XP level 6. HP: 50/50 MP: 8/13
   535 | D:3      | Reached skill level 2 in Invocations
   571 | D:4      | Noticed Duvessa
   571 | D:4      | Noticed Dowan
   586 | D:4      | Killed Duvessa
   586 | D:4      | Reached skill level 5 in Fighting
   586 | D:4      | Reached skill level 2 in Short Blades
   586 | D:4      | Reached skill level 2 in Long Blades
   586 | D:4      | Reached skill level 5 in Axes
   586 | D:4      | Reached skill level 2 in Maces & Flails
   586 | D:4      | Reached skill level 2 in Polearms
   586 | D:4      | Reached skill level 2 in Staves
   586 | D:4      | Reached skill level 2 in Slings
   586 | D:4      | Reached skill level 2 in Bows
   586 | D:4      | Reached skill level 2 in Crossbows
   586 | D:4      | Reached skill level 2 in Throwing
   586 | D:4      | Reached skill level 5 in Dodging
   586 | D:4      | Reached skill level 2 in Stealth
   586 | D:4      | Reached skill level 2 in Shields
   586 | D:4      | Reached skill level 2 in Unarmed Combat
   586 | D:4      | Reached skill level 2 in Evocations
   588 | D:4      | Killed Dowan
   671 | D:4      | Reached XP level 7. HP: 54/56 MP: 5/15
   792 | D:5      | Entered Level 5 of the Dungeon
   838 | D:5      | Found a staircase to the Ecumenical Temple.
   846 | Temple   | Entered the Ecumenical Temple
   853 | Temple   | Became a worshipper of Cheibriados the Contemplative
   971 | D:5      | Reached skill level 2 in Conjurations
   971 | D:5      | Reached skill level 2 in Hexes
   971 | D:5      | Reached skill level 2 in Summonings
   971 | D:5      | Reached skill level 2 in Necromancy
   971 | D:5      | Reached skill level 2 in Translocations
   971 | D:5      | Reached skill level 2 in Transmutations
   971 | D:5      | Reached skill level 2 in Fire Magic
   971 | D:5      | Reached skill level 2 in Ice Magic
   971 | D:5      | Reached skill level 2 in Air Magic
   971 | D:5      | Reached skill level 2 in Earth Magic
   971 | D:5      | Reached skill level 2 in Poison Magic
  1062 | D:6      | Reached * piety under Cheibriados
  1156 | D:6      | Reached skill level 3 in Invocations
  1203 | D:8      | Found a glowing golden altar of the Shining One.
  1230 | D:8      | Reached XP level 8. HP: 63/63 MP: 9/16
  1247 | D:8      | Reached skill level 6 in Charms
  1269 | D:8      | Reached skill level 4 in Armour
  1283 | D:7      | Reached skill level 3 in Short Blades
  1283 | D:7      | Reached skill level 3 in Long Blades
  1283 | D:7      | Reached skill level 3 in Maces & Flails
  1283 | D:7      | Reached skill level 3 in Polearms
  1283 | D:7      | Reached skill level 3 in Staves
  1283 | D:7      | Reached skill level 3 in Slings
  1283 | D:7      | Reached skill level 3 in Bows
  1283 | D:7      | Reached skill level 3 in Crossbows
  1283 | D:7      | Reached skill level 3 in Throwing
  1283 | D:7      | Reached skill level 3 in Stealth
  1283 | D:7      | Reached skill level 3 in Shields
  1283 | D:7      | Reached skill level 3 in Unarmed Combat
  1283 | D:7      | Reached skill level 3 in Evocations
  1293 | D:7      | Reached skill level 6 in Spellcasting
  1298 | D:7      | Reached ** piety under Cheibriados
  1340 | D:7      | You fall through a shaft!
  1340 | D:8      | Noticed a wyvern
  1354 | D:8      | Killed a wyvern
  1376 | D:9      | Reached skill level 3 in Conjurations
  1376 | D:9      | Reached skill level 3 in Hexes
  1376 | D:9      | Reached skill level 3 in Summonings
  1376 | D:9      | Reached skill level 3 in Necromancy
  1376 | D:9      | Reached skill level 3 in Translocations
  1376 | D:9      | Reached skill level 3 in Transmutations
  1376 | D:9      | Reached skill level 3 in Fire Magic
  1376 | D:9      | Reached skill level 3 in Ice Magic
  1376 | D:9      | Reached skill level 3 in Air Magic
  1376 | D:9      | Reached skill level 3 in Earth Magic
  1376 | D:9      | Reached skill level 3 in Poison Magic
  1376 | D:9      | Reached skill level 4 in Invocations
  1379 | D:10     | Entered Level 10 of the Dungeon
  1531 | D:8      | Reached XP level 9. HP: 68/69 MP: 14/18
  1535 | D:8      | Reached skill level 6 in Fighting
  1535 | D:8      | Reached skill level 6 in Axes
  1535 | D:8      | Reached skill level 6 in Dodging
  1610 | D:10     | Noticed Harold
  1620 | D:10     | HP: 1/69 [Harold/bolt of fire (26)]
  1625 | D:10     | HP: 3/69 [Harold/dire flail of holy wrath (17)]
  1627 | D:10     | Killed Harold
  1627 | D:10     | Reached skill level 4 in Short Blades
  1627 | D:10     | Reached skill level 4 in Long Blades
  1627 | D:10     | Reached skill level 4 in Maces & Flails
  1627 | D:10     | Reached skill level 4 in Polearms
  1627 | D:10     | Reached skill level 4 in Staves
  1627 | D:10     | Reached skill level 4 in Slings
  1627 | D:10     | Reached skill level 4 in Bows
  1627 | D:10     | Reached skill level 4 in Crossbows
  1627 | D:10     | Reached skill level 4 in Throwing
  1627 | D:10     | Reached skill level 5 in Armour
  1627 | D:10     | Reached skill level 4 in Stealth
  1627 | D:10     | Reached skill level 4 in Shields
  1627 | D:10     | Reached skill level 4 in Unarmed Combat
  1627 | D:10     | Reached skill level 4 in Evocations
  1642 | D:10     | Noticed a two-headed ogre
  1648 | D:10     | Killed a two-headed ogre
  1648 | D:10     | Reached skill level 5 in Invocations
  1659 | D:10     | Reached XP level 10. HP: 34/77 MP: 10/20
  1700 | D:9      | Found Wudaxzoy's Book Shop.
  1706 | D:9      | Reached skill level 7 in Spellcasting
  1707 | D:9      | Reached *** piety under Cheibriados
  1717 | D:9      | Noticed a centaur warrior
  1824 | D:11     | Reached skill level 4 in Conjurations
  1824 | D:11     | Reached skill level 4 in Hexes
  1824 | D:11     | Reached skill level 4 in Summonings
  1824 | D:11     | Reached skill level 4 in Necromancy
  1824 | D:11     | Reached skill level 4 in Translocations
  1824 | D:11     | Reached skill level 4 in Transmutations
  1824 | D:11     | Reached skill level 4 in Fire Magic
  1824 | D:11     | Reached skill level 4 in Ice Magic
  1824 | D:11     | Reached skill level 4 in Air Magic
  1824 | D:11     | Reached skill level 4 in Earth Magic
  1824 | D:11     | Reached skill level 4 in Poison Magic
  1859 | D:11     | Noticed an eight-headed hydra
  1880 | D:11     | Killed an eight-headed hydra
  1880 | D:11     | Reached skill level 7 in Fighting
  1880 | D:11     | Reached skill level 5 in Short Blades
  1880 | D:11     | Reached skill level 5 in Long Blades
  1880 | D:11     | Reached skill level 7 in Axes
  1880 | D:11     | Reached skill level 5 in Maces & Flails
  1880 | D:11     | Reached skill level 5 in Polearms
  1880 | D:11     | Reached skill level 5 in Staves
  1880 | D:11     | Reached skill level 5 in Slings
  1880 | D:11     | Reached skill level 5 in Bows
  1880 | D:11     | Reached skill level 5 in Crossbows
  1880 | D:11     | Reached skill level 5 in Throwing
  1880 | D:11     | Reached skill level 7 in Dodging
  1880 | D:11     | Reached skill level 5 in Stealth
  1880 | D:11     | Reached skill level 5 in Shields
  1880 | D:11     | Reached skill level 5 in Unarmed Combat
  1880 | D:11     | Reached skill level 7 in Charms
  1880 | D:11     | Reached skill level 5 in Evocations
  1995 | D:11     | Noticed a two-headed ogre
  2003 | D:11     | Killed a two-headed ogre
  2003 | D:11     | Reached skill level 6 in Armour
  2021 | D:11     | Reached skill level 6 in Invocations
  2077 | D:10     | Reached **** piety under Cheibriados
  2110 | D:11     | Noticed Ethylacetat's ghost (journeyman DsFi)
  2113 | D:11     | Reached skill level 8 in Fighting
  2113 | D:11     | Reached skill level 6 in Short Blades
  2113 | D:11     | Reached skill level 6 in Long Blades
  2113 | D:11     | Reached skill level 8 in Axes
  2113 | D:11     | Reached skill level 6 in Maces & Flails
  2113 | D:11     | Reached skill level 6 in Polearms
  2113 | D:11     | Reached skill level 6 in Staves
  2113 | D:11     | Reached skill level 6 in Slings
  2113 | D:11     | Reached skill level 6 in Bows
  2113 | D:11     | Reached skill level 6 in Crossbows
  2113 | D:11     | Reached skill level 6 in Throwing
  2113 | D:11     | Reached skill level 7 in Armour
  2113 | D:11     | Reached skill level 8 in Dodging
  2113 | D:11     | Reached skill level 6 in Stealth
  2113 | D:11     | Reached skill level 6 in Shields
  2113 | D:11     | Reached skill level 6 in Unarmed Combat
  2113 | D:11     | Reached skill level 8 in Spellcasting
  2113 | D:11     | Reached skill level 5 in Conjurations
  2113 | D:11     | Reached skill level 5 in Hexes
  2113 | D:11     | Reached skill level 5 in Summonings
  2113 | D:11     | Reached skill level 5 in Necromancy
  2113 | D:11     | Reached skill level 5 in Translocations
  2113 | D:11     | Reached skill level 5 in Transmutations
  2113 | D:11     | Reached skill level 5 in Fire Magic
  2113 | D:11     | Reached skill level 5 in Ice Magic
  2113 | D:11     | Reached skill level 5 in Air Magic
  2113 | D:11     | Reached skill level 5 in Earth Magic
  2113 | D:11     | Reached skill level 5 in Poison Magic
  2113 | D:11     | Reached skill level 7 in Invocations
  2113 | D:11     | Reached skill level 6 in Evocations
  2113 | D:11     | Reached XP level 11. HP: 86/86 MP: 16/23
  2122 | D:11     | Killed Ethylacetat's ghost
  2122 | D:11     | Reached XP level 12. HP: 87/92 MP: 17/24
  2323 | D:11     | Reached skill level 8 in Charms
  2368 | D:11     | Noticed a two-headed ogre
  2428 | D:12     | Reached ***** piety under Cheibriados
  2432 | D:12     | Reached skill level 7 in Short Blades
  2432 | D:12     | Reached skill level 7 in Long Blades
  2432 | D:12     | Reached skill level 7 in Maces & Flails
  2432 | D:12     | Reached skill level 7 in Polearms
  2432 | D:12     | Reached skill level 7 in Staves
  2432 | D:12     | Reached skill level 7 in Slings
  2432 | D:12     | Reached skill level 7 in Bows
  2432 | D:12     | Reached skill level 7 in Crossbows
  2432 | D:12     | Reached skill level 7 in Throwing
  2432 | D:12     | Reached skill level 7 in Stealth
  2432 | D:12     | Reached skill level 7 in Shields
  2432 | D:12     | Reached skill level 7 in Unarmed Combat
  2432 | D:12     | Reached skill level 7 in Evocations
  2556 | D:12     | Noticed a seven-headed hydra
  2710 | D:9      | Found a glowing silver altar of Zin.
  2781 | D:9      | Reached skill level 6 in Conjurations
  2781 | D:9      | Reached skill level 6 in Hexes
  2781 | D:9      | Reached skill level 6 in Summonings
  2781 | D:9      | Reached skill level 6 in Necromancy
  2781 | D:9      | Reached skill level 6 in Translocations
  2781 | D:9      | Reached skill level 6 in Transmutations
  2781 | D:9      | Reached skill level 6 in Fire Magic
  2781 | D:9      | Reached skill level 6 in Ice Magic
  2781 | D:9      | Reached skill level 6 in Air Magic
  2781 | D:9      | Reached skill level 6 in Earth Magic
  2781 | D:9      | Reached skill level 6 in Poison Magic
  2860 | D:8      | Reached skill level 8 in Invocations
  2887 | D:8      | Found a staircase to the Lair.
  2899 | Lair:1   | Entered Level 1 of the Lair of Beasts
  2957 | Lair:1   | Reached skill level 9 in Spellcasting
  3097 | Lair:3   | Reached skill level 8 in Armour
  3104 | Lair:3   | Reached skill level 9 in Fighting
  3104 | Lair:3   | Reached skill level 9 in Axes
  3104 | Lair:3   | Reached skill level 9 in Dodging
  3104 | Lair:3   | Reached XP level 13. HP: 52/101 MP: 23/26
  3265 | Lair:3   | Noticed Urug
  3277 | Lair:3   | Killed Urug
  3333 | Lair:3   | You fall through a shaft!
  3343 | Lair:4   | Identified a scroll of acquirement
  3345 | Lair:4   | Identified the Catalogue of Dark Good Luck (You acquired it on level 4 of the Lair of Beasts)
  3352 | Lair:4   | Learned a level 5 spell: Borgnjor's Vile Clutch
  3355 | Lair:4   | Identified Vehumet's Incunabulum of Attacks (You acquired it on level 4 of the Lair of Beasts)
  3364 | Lair:4   | Learned a level 6 spell: Deflect Missiles
  3392 | Lair:4   | Got a steaming scale mail
  3403 | Lair:4   | Identified the +2 scale mail of the Guild-Master {Slay+2} (You found it on level 4 of the Lair of Beasts)
  3471 | Lair:2   | Found a staircase to the Shoals.
  3505 | Shoals:1 | Entered Level 1 of the Shoals
  3541 | Shoals:1 | Reached skill level 8 in Short Blades
  3541 | Shoals:1 | Reached skill level 8 in Long Blades
  3541 | Shoals:1 | Reached skill level 8 in Maces & Flails
  3541 | Shoals:1 | Reached skill level 8 in Polearms
  3541 | Shoals:1 | Reached skill level 8 in Staves
  3541 | Shoals:1 | Reached skill level 8 in Slings
  3541 | Shoals:1 | Reached skill level 8 in Bows
  3541 | Shoals:1 | Reached skill level 8 in Crossbows
  3541 | Shoals:1 | Reached skill level 8 in Throwing
  3541 | Shoals:1 | Reached skill level 8 in Stealth
  3541 | Shoals:1 | Reached skill level 8 in Shields
  3541 | Shoals:1 | Reached skill level 8 in Unarmed Combat
  3541 | Shoals:1 | Reached skill level 8 in Evocations
  3608 | Shoals:1 | Reached skill level 9 in Invocations
  3690 | Shoals:1 | Reached skill level 7 in Conjurations
  3690 | Shoals:1 | Reached skill level 7 in Hexes
  3690 | Shoals:1 | Reached skill level 9 in Charms
  3690 | Shoals:1 | Reached skill level 7 in Summonings
  3690 | Shoals:1 | Reached skill level 7 in Necromancy
  3690 | Shoals:1 | Reached skill level 7 in Translocations
  3690 | Shoals:1 | Reached skill level 7 in Transmutations
  3690 | Shoals:1 | Reached skill level 7 in Fire Magic
  3690 | Shoals:1 | Reached skill level 7 in Ice Magic
  3690 | Shoals:1 | Reached skill level 7 in Air Magic
  3690 | Shoals:1 | Reached skill level 7 in Earth Magic
  3690 | Shoals:1 | Reached skill level 7 in Poison Magic
  3698 | Shoals:1 | HP: 1/101 [snapping turtle (20)]
  3756 | Shoals:2 | Noticed a merfolk impaler
  3763 | Shoals:2 | Killed a merfolk impaler
  3767 | Shoals:2 | Reached skill level 9 in Armour
  3784 | Shoals:2 | Found a frozen archway.
  3787 | Shoals:2 | Learned a level 1 spell: Animate Skeleton
  3791 | Shoals:2 | Noticed a merfolk impaler
  3795 | IceCv    | Entered an ice cave
  3837 | IceCv    | Reached XP level 14. HP: 104/109 MP: 12/27
  3844 | IceCv    | Gained mutation: You are dopey. (Int -2) [potion of mutation]
  3844 | IceCv    | Gained mutation: Your muscles are strong. (Str +2) [potion of mutation]
  3845 | IceCv    | Lost mutation: Your muscles are strong. (Str +2) [potion of mutation]
  3845 | IceCv    | Lost mutation: You are dopey. (Int -2) [potion of mutation]
  3845 | IceCv    | Gained mutation: You have a pair of small antennae on your head. [potion of mutation]
  3845 | IceCv    | Gained mutation: You are agile. (Dex +2) [potion of mutation]
  3845 | IceCv    | Gained mutation: Your spells are a little harder to cast, but a little more powerful. [potion of mutation]
  3863 | IceCv    | Reached skill level 10 in Spellcasting
  4073 | Shoals:3 | Reached skill level 10 in Fighting
  4073 | Shoals:3 | Reached skill level 10 in Axes
  4073 | Shoals:3 | Reached skill level 10 in Dodging
  4248 | Shoals:3 | Reached skill level 9 in Short Blades
  4248 | Shoals:3 | Reached skill level 9 in Long Blades
  4248 | Shoals:3 | Reached skill level 9 in Maces & Flails
  4248 | Shoals:3 | Reached skill level 9 in Polearms
  4248 | Shoals:3 | Reached skill level 9 in Staves
  4248 | Shoals:3 | Reached skill level 9 in Slings
  4248 | Shoals:3 | Reached skill level 9 in Bows
  4248 | Shoals:3 | Reached skill level 9 in Crossbows
  4248 | Shoals:3 | Reached skill level 9 in Throwing
  4248 | Shoals:3 | Reached skill level 9 in Stealth
  4248 | Shoals:3 | Reached skill level 9 in Shields
  4248 | Shoals:3 | Reached skill level 9 in Unarmed Combat
  4248 | Shoals:3 | Reached skill level 9 in Evocations
  4357 | Shoals:4 | Entered Level 4 of the Shoals
  4376 | Shoals:4 | HP: 4/110 [merfolk impaler/trident (17)]
  4378 | Shoals:4 | Mangled by a merfolk siren

Skill      XL: |  1  2  3  4  5  6  7  8  9 10 11 12 13 14 |
---------------+-------------------------------------------+-----
Spellcasting   | 5 6 8 9 10 | 10.3
Invocations    | 1 2 3 4 5 7 8 9 |  9.8
Short Blades   | 1 2 3 4 6 7 8 9 |  9.0
Long Blades    | 1 2 3 4 6 7 8 9 |  9.0
Maces & Flails | 1 2 3 4 6 7 8 9 |  9.0
Polearms       | 1 2 3 4 6 7 8 9 |  9.0
Staves         | 1 2 3 4 6 7 8 9 |  9.0
Slings         | 1 2 3 4 6 7 8 9 |  9.0
Bows           | 1 2 3 4 6 7 8 9 |  9.0
Crossbows      | 1 2 3 4 6 7 8 9 |  9.0
Throwing       | 1 2 3 4 6 7 8 9 |  9.0
Armour         | 3 4 5 7 8 9 |  9.4
Stealth        | 1 2 3 4 6 7 8 9 |  9.0
Shields        | 1 2 3 4 6 7 8 9 |  9.0
Unarmed Combat | 1 2 3 4 6 7 8 9 |  9.0
Conjurations   | 1 2 3 5 6 7 |  7.5
Hexes          | 1 2 3 5 6 7 |  7.5
Summonings     | 1 2 3 5 6 7 |  7.5
Necromancy     | 1 2 3 5 6 7 |  7.5
Translocations | 1 2 3 5 6 7 |  7.5
Transmutations | 1 2 3 5 6 7 |  7.5
Fire Magic     | 1 2 3 5 6 7 |  7.5
Ice Magic      | 1 2 3 5 6 7 |  7.5
Air Magic      | 1 2 3 5 6 7 |  7.5
Earth Magic    | 1 2 3 5 6 7 |  7.5
Poison Magic   | 1 2 3 5 6 7 |  7.5
Evocations     | 1 2 3 4 6 7 8 9 |  9.0
Fighting       | 5 6 8 9 10 | 10.1
Axes           | 5 6 8 9 10 | 10.1
Dodging        | 5 6 8 9 10 | 10.1
Charms         | 6 7 8 9 |  9.4

Action                   |  1- 3 |  4- 6 |  7- 9 | 10-12 | 13-15 || total
-------------------------+-------+-------+-------+-------+-------++-------
Melee: Hand axe          |    53 |    28 |   106 |   200 |   194 ||   581
       Bite              |     2 |     5 |    11 |    36 |    51 ||   105
       Punch             |       |       |     2 |     8 |     3 ||    13
Throw: Tomahawk          |       |       |     5 |     1 |     4 ||    10
       Javelin           |       |       |       |       |    16 ||    16
 Cast: Infusion          |     4 |       |       |       |       ||     4
       Song of Slaying   |     3 |     2 |    10 |    12 |     3 ||    30
       Shroud of Golubri |     2 |     1 |     3 |     8 |     2 ||    16
       Spectral Weapon   |     1 |     6 |    18 |    26 |    30 ||    81
       Regeneration      |     1 |     2 |     5 |    16 |    21 ||    45
       Borgnjor's Vile C |       |       |       |       |    18 ||    18
       Deflect Missiles  |       |       |       |       |     1 ||     1
Invok: Slouch            |       |       |       |     1 |     8 ||     9
Evoke: Wand              |       |     1 |     3 |     5 |     5 ||    14
  Use: Scroll            |       |       |     8 |     7 |    12 ||    27
       Potion            |       |       |     3 |     3 |    11 ||    17
 Stab: Sleeping          |       |     1 |     2 |     1 |     3 ||     7
       Distracted        |       |       |       |     7 |     5 ||    12
       Invisible         |       |       |       |       |     1 ||     1
  Eat: Chunk             |       |       |     3 |     6 |     2 ||    11
       Ration            |       |       |       |       |     1 ||     1
Armor: Leather armour    |    13 |     3 |    16 |    16 |       ||    48
       Skin              |       |       |       |     2 |       ||     2
       Ring mail         |       |       |       |    44 |     8 ||    52
       Scale mail        |       |       |       |       |    30 ||    30
Dodge: Dodged            |    36 |    13 |    60 |   190 |   123 ||   422
       Deflected         |       |       |       |       |    21 ||    21
Block: Shield            |       |       |       |       |   115 ||   115

Table legend:
 A = Turns spent in this place as a percentage of turns spent in the entire game.
 B = Non-inter-level travel turns spent in this place as a percentage of non-inter-level travel turns spent in the entire game.
 C = Inter-level travel turns spent in this place as a percentage of turns spent in this place.
 D = Turns resting spent in this place as a percentage of non-inter-level travel turns spent in this place.
 E = Turns spent auto-exploring this place as a percentage of non-inter-level travel turns spent in this place.
 F = Non-inter-level travel turns spent in this place divided by the number of levels of this place that you've seen.
                   A       B       C       D       E      F
               +-------+-------+-------+-------+-------+----------------------
         Total | 100.0 | 100.0 |   0.4 |   0.0 |   0.0 | 174.4
       Dungeon |  64.4 |  64.4 |   0.5 |   0.0 |   0.0 | 216.0
        Temple |   0.3 |   0.2 |  40.0 |   0.0 |   0.0 |   9.0
          Lair |  13.8 |  13.9 |   0.0 |   0.0 |   0.0 | 121.2
        Shoals |  15.1 |  15.2 |   0.0 |   0.0 |   0.0 | 165.2
         Sewer |   1.4 |   1.4 |   0.0 |   0.0 |   0.0 |  63.0
      Ice Cave |   4.8 |   4.9 |   0.0 |   0.0 |   0.0 | 212.0
               +-------+-------+-------+-------+-------+----------------------

Table legend:
 A = Kills in this place as a percentage of kills in entire the game.
 B = Kills by you in this place as a percentage of kills by you in the entire game.
 C = Kills by friends in this place as a percentage of kills by friends in the entire game.
 D = Other kills in this place as a percentage of other kills in the entire game.
 E = Experience gained in this place as a percentage of experience gained in the entire game.
 F = Experience gained in this place divided by the number of levels of this place that you have seen.
                   A       B       C       D       E      F
               +-------+-------+-------+-------+-------+----------------------
         Total | 100.0 | 100.0 |   N/A |   N/A | 100.0 | 2377.2
       Dungeon |  64.3 |  64.3 |   N/A |   N/A |  31.1 | 1421.1
          Lair |  13.4 |  13.4 |   N/A |   N/A |  16.6 | 1976.8
        Shoals |  16.1 |  16.1 |   N/A |   N/A |  41.1 | 6101.5
         Sewer |   1.6 |   1.6 |   N/A |   N/A |   0.0 |   5.0
      Ice Cave |   4.7 |   4.7 |   N/A |   N/A |  11.2 | 6662.0
               +-------+-------+-------+-------+-------+----------------------

Vault maps used:
D:1:      dpeg_arrival_leaves_temple_mockup
D:2:      lemuel_doored_altar, grunt_gozag_breadcrumbs, uniq_robin
D:3:      old_standard_altar, portal_sewer_entry_f, minmay_misc_feat_roman,
          st_stairs_3, uniq_sigmund
D:4:      uniq_duvessa
D:5:      temple_green, first_ration, minivault_26
D:6:      tgw_sif
D:7:      nicolae_qazlal_eye_of_the_storm, lemuel_flame_loot_1
D:8:      nicolae_tso_besieged_by_evil, lair_entry_dummy, serial_glass,
          glass_columns_b, glass_columns_a, minmay_tree_intersection,
          okawaru_humans
D:9:      statuecave_lemuel, zin_academy, serial_shops, nicolae_shop_stone,
          serial_co_window_serial, co_window_paths_a, co_window_paths_a,
          co_window_corner_a, co_window_corner_a, co_window_paths_b,
          co_window_corner_a, co_window_corner_a, co_window_broadway_a,
          co_window_corner_b, co_window_corner_cb, glass_columns_a,
          glass_columns_a, minivault_12, uniq_erica
D:10:     orc_0_dummy, uniq_harold
D:13:     lightli_vaults_fourway_checkpoint, serial_shops, shop,
          blue_anna_alchemist
Temple:   nicolae_temple_no_exploring_needed
Lair:2:   minmay_shoals_entry_hut, guppyfry_snake_entry_garden
Lair:3:   serial_bayou_shore_a, uniq_urug
Lair:5:   dpeg_slime_entry_enclosed_altar, grunt_forest_stairs_basic,
          grunt_megastairs_5
Shoals:1: cheibrodos_shoals_baths, nicolae_shoals_arrival_archipelago,
          uniq_donald
Shoals:2: portal_ice_cave_entry_pillars_2
Shoals:3: nicolae_shoals_water_elemental_grotto
Shoals:4: shoals_end_grunt_ice, shoals_ilsuiw_ice, uniq_mara
Sewer:    sewer_co_purgy_island
IceCv:    ice_cave_tombish
